[Event "January 2 Early 2024"]
[Site "https://www.chess.com"]
[Date "2024.01.02"]
[Round "1"]
[White "Seletsky, Grigory"]
[Black "Vakhlamov, Igor L."]
[Result "1/2-1/2"]
[Board "112"]
[TimeControl "180+1"]
[WhiteFideId "14112191"]
[BlackFideId "24126748"]
[WhiteElo "2418"]
[BlackElo "2808"]
[WhiteTeam "UKR"]
[BlackTeam "RUS"]
[WhiteClock "0:00:10"]
[BlackClock "0:00:15"]

1. d4 d5 2. c4 e6 3. Nc3 c5 4. cxd5 cxd4 5. Qa4+ Bd7 6. Qxd4 exd5 7. Nf3 Nf6 8. e3 Nc6 9. Qd1 Bb4 10. Bd2 O-O 11. Be2 a6 12. O-O Re8 13. a3 Bd6 14. Nd4 Nxd4 15. exd4 Qb6 16. Be3 Qxb2 17. Qd3 Rac8 18. Rfc1 Ne4 19. Rab1 Qxa3 20. Nxd5 Qxd3 21. Bxd3 Rxc1+ 22. Rxc1 Bc6 23. Nb6 Ba3 24. Rc2 Nf6 25. Bxa6 Be4 26. Ra2 Bd6 27. Bb5 Rd8 28. Ra8 Rxa8 29. Nxa8 Nd5 30. Bc4 b5 31. Bxd5 Bxd5 32. Nb6 Bc6 33. d5 Bb7 34. Kf1 f6 35. Ke1 Kf7 36. Kd2 Ke7 37. Kc3 g5 38. h3 h5 39. g4 h4 40. Kd3 Ba6 41. Kc2 Kd8 42. Bd4 Be7 43. d6 Bxd6 44. Nd5 b4 45. Bxf6+ Kd7 46. Bxg5 Bf1 47. Bxh4 Bxh3 48. Nxb4 Bxb4 49. Bg3 Bxg4 50. Kd3 Be7 51. Ke4 Ke6 52. f3 Bf5+ 53. Ke3 Bc5+ 54. Ke2 Kd5 55. Bf4 Kc4 56. Be3 Bd6 57. Kf2 Kd3 58. Bb6 Bf4 59. Ba7 Bg5 60. Bb6 Bh4+ 61. Kg2 Ke2 62. Bf2 Bg5 63. Bg3 Be6 64. Be5 Bd5 65. Kg3 Bxf3 66. Bf4 Be7 67. Be5 Bc5 68. Bf4 Be4 69. Kh3 Ke1 70. Kh2 Kf2 71. Bg3+ Kf3 72. Be5 Bf5 73. Bc7 Bf2 74. Bd6 Ke4 75. Bc7 Kf3 76. Bd6 Ke2 77. Bc7 Kf1 78. Bd6 Bg1+ 79. Kg3 Be4 80. Bb4 Bc6 81. Kf4 Ke2 82. Ke5 Bh2+ 83. Ke6 Kf3 84. Bd6 Bg1 85. Be5 Ke4 86. Bd6 Bd5+ 87. Ke7 Bb3 88. Bb4 Bd4 89. Kf8 Kf5 90. Ke7 Be5 91. Bd6 Bf6+ 92. Kd7 Ba4+ 93. Kc7 Ke6 94. Bc5 Be5+ 95. Kb6 Kd7 96. Be3 Bd6 97. Bd4 Bb3 98. Be3 Bc4 99. Bf2 Bb4 100. Be3 Kd6 101. Bf2 Bd2 102. Bd4 Bg5 103. Bg1 Bd8+ 104. Kb7 Bd5+ 105. Ka7 Kc6 106. Bf2 Bc4 107. Bg1 Ba5 108. Bf2 Bc3 109. Bg1 Bd2 110. Bd4 Bf4 111. Bg1 Bg3 112. Be3 Bh2 113. Bf2 Bg1 114. Bxg1 1/2-1/2

[Event "January 2 Early 2024"]
[Site "https://www.chess.com"]
[Date "2024.01.02"]
[Round "1"]
[White "Bartel, Mateusz"]
[Black "Alivodic, Dario"]
[Result "1-0"]
[Board "113"]
[TimeControl "180+1"]
[WhiteFideId "1112635"]
[BlackFideId "16501632"]
[WhiteElo "2807"]
[BlackElo "2417"]
[WhiteTeam "POL"]
[BlackTeam "MNE"]
[WhiteClock "0:00:17"]
[BlackClock "0:00:02"]

1. Nf3 d5 2. e3 Nf6 3. c4 e6 4. b3 c6 5. Bb2 Nbd7 6. g3 Bd6 7. Bg2 Qc7 8. O-O Ne5 9. Nxe5 Bxe5 10. d4 Bd6 11. Nc3 O-O 12. Rc1 Qe7 13. Re1 Rd8 14. Qc2 Bb4 15. c5 Bd7 16. a3 Ba5 17. b4 Bc7 18. f4 Be8 19. a4 a6 20. Qb3 Nd7 21. e4 dxe4 22. Nxe4 Nf6 23. f5 Nxe4 24. Rxe4 Bd7 25. Rf1 Qg5 26. fxe6 Bxe6 27. Rxe6 fxe6 28. Qxe6+ Kh8 29. d5 Re8 30. Qf5 Qxf5 31. Rxf5 cxd5 32. Rf7 Be5 33. Bxe5 Rxe5 34. Rxb7 Re1+ 35. Kf2 Ra1 36. Bxd5 Rxa4 37. c6 Ra3 38. c7 Rc3 39. Rb8+ 1-0

[Event "January 2 Early 2024"]
[Site "https://www.chess.com"]
[Date "2024.01.02"]
[Round "1"]
[White "Alvarado, Carlos"]
[Black "Gabrielian, Artur"]
[Result "0-1"]
[Board "114"]
[TimeControl "180+1"]
[WhiteFideId "3800555"]
[BlackFideId "4131002"]
[WhiteElo "2417"]
[BlackElo "2806"]
[WhiteTeam "PER"]
[BlackTeam "RUS"]
[WhiteClock "0:01:48"]
[BlackClock "0:02:02"]

1. d4 d5 2. Nf3 e6 3. c4 Nf6 4. Nc3 Be7 5. Bf4 O-O 6. e3 b6 7. cxd5 Nxd5 8. Bg3 c5 9. Nxd5 Qxd5 10. dxc5 Qxd1+ 11. Rxd1 Bxc5 12. Bd3 Bb7 13. O-O Nc6 14. Ne5 Nxe5 15. Bxe5 f6 16. Bc3 Rfd8 17. Bc4 Kf7 18. Bb3 a5 19. Rxd8 Rxd8 20. Rd1 Rxd1+ 21. Bxd1 g5 22. Kf1 f5 23. Bf3 Bxf3 24. gxf3 Kg6 25. h3 Be7 26. a4 Bf6 27. Bxf6 Kxf6 28. Ke2 Kg6 29. Kd3 Kh5 30. Kc4 Kh4 31. Kb5 Kxh3 32. Kxb6 Kg2 33. Kxa5 h5 34. Kb6 h4 35. a5 h3 36. a6 h2 37. a7 h1=Q 38. a8=Q Kxf2 39. b4 Qxf3 40. Qd8 Qxe3+ 41. Kb7 g4 42. b5 g3 43. Qh4 Qe4+ 44. Qxe4 fxe4 0-1

[Event "January 2 Early 2024"]
[Site "https://www.chess.com"]
[Date "2024.01.02"]
[Round "1"]
[White "Dragun, Kamil"]
[Black "Zimmermann, Ulrich"]
[Result "0-1"]
[Board "115"]
[TimeControl "180+1"]
[WhiteFideId "1134167"]
[BlackFideId "24654523"]
[WhiteElo "2804"]
[BlackElo "2416"]
[WhiteTeam "POL"]
[BlackTeam "GER"]
[WhiteClock "0:00:25"]
[BlackClock "0:00:30"]

1. d4 Nf6 2. c4 e6 3. Nf3 c5 4. d5 exd5 5. cxd5 d6 6. Nc3 g6 7. e4 Bg7 8. Be2 O-O 9. Be3 Re8 10. Nd2 Na6 11. O-O Nc7 12. Kh1 Rb8 13. a4 a6 14. a5 b5 15. axb6 Rxb6 16. Nc4 Rb4 17. e5 dxe5 18. Bxc5 Rb8 19. Nd6 Bb7 20. Nxe8 Nfxe8 21. Bf3 Nd6 22. Bxd6 Qxd6 23. Ne4 Qb6 24. d6 Ne6 25. Nd2 Qxd6 26. Bxb7 Rxb7 27. Nc4 Qc5 28. Qa4 Rb4 29. Qe8+ Bf8 30. Ne3 Rxb2 31. Rxa6 Nc7 32. Qc6 Nxa6 33. Qxa6 h5 34. Qd3 Qd4 35. Qa6 Bc5 36. Qa8+ Kg7 37. Qf3 e4 38. Qf4 Bd6 39. Qg5 Qe5 40. Qxe5+ Bxe5 41. Nc4 Rb5 42. Nxe5 Rxe5 43. g3 Rc5 44. h4 Kf6 45. Rd1 Rc2 46. Kg1 Kf5 47. Rd4 f6 48. Ra4 Re2 49. Ra6 e3 50. fxe3 Rxe3 51. Kf2 Rb3 52. Rc6 Kg4 53. Rd6 Rb2+ 0-1

[Event "January 2 Early 2024"]
[Site "https://www.chess.com"]
[Date "2024.01.02"]
[Round "1"]
[White "Mazurkiewicz, Michal"]
[Black "Sturt, Raven"]
[Result "0-1"]
[Board "116"]
[TimeControl "180+1"]
[WhiteFideId "1124943"]
[BlackFideId "2007304"]
[WhiteElo "2415"]
[BlackElo "2804"]
[WhiteTeam "POL"]
[BlackTeam "USA"]
[WhiteClock "0:00:00"]
[BlackClock "0:01:07"]

1. e4 c6 2. d3 d5 3. Nd2 e5 4. Ngf3 Bd6 5. d4 exd4 6. exd5 Nf6 7. dxc6 O-O 8. cxb7 Bxb7 9. Be2 Nc6 10. O-O Qc7 11. Nc4 Rfe8 12. Nxd6 Qxd6 13. Re1 Ne5 14. Bf4 Nxf3+ 15. Bxf3 Qxf4 16. Bxb7 Ng4 17. Qxg4 Qxg4 18. Bxa8 Rxa8 19. f3 Qg5 20. Re4 Qc5 21. Rae1 d3+ 22. Kh1 d2 0-1

[Event "January 2 Early 2024"]
[Site "https://www.chess.com"]
[Date "2024.01.02"]
[Round "1"]
[White "Molina, Roberto Junio Brito"]
[Black "Zhuk, Valeriy"]
[Result "1-0"]
[Board "117"]
[TimeControl "180+1"]
[WhiteFideId "2109450"]
[BlackFideId "24151254"]
[WhiteElo "2803"]
[BlackElo "2414"]
[WhiteTeam "BRA"]
[BlackTeam "RUS"]
[WhiteClock "0:00:29"]
[BlackClock "0:00:00"]

1. d4 Nf6 2. Nf3 e6 3. e3 b6 4. Bd3 Bb7 5. Qe2 d5 6. Nbd2 c5 7. c3 Nc6 8. O-O Be7 9. dxc5 bxc5 10. e4 O-O 11. b3 a5 12. Bb2 a4 13. Rad1 a3 14. Bc1 Re8 15. Rfe1 Qa5 16. e5 Nd7 17. Nb1 Ba6 18. Bxa6 Qxa6 19. c4 Nb6 20. cxd5 Qxe2 21. Rxe2 Nxd5 22. Bd2 Ncb4 23. Nc3 Red8 24. Nxd5 Rxd5 25. Ra1 Rad8 26. Bxb4 cxb4 27. Kf1 f6 28. Rc1 fxe5 29. Nxe5 Bf6 30. Nc4 Kf7 31. g3 Rd1+ 32. Rxd1 Rxd1+ 33. Re1 Rd3 34. Ke2 Rc3 35. Rd1 h5 36. Rd3 Rc2+ 37. Rd2 Rc3 38. Kd1 h4 39. Rc2 hxg3 40. Rxc3 Bxc3 41. hxg3 g5 42. g4 Kf6 43. Ke2 Bd4 44. f3 Bc3 45. Kd3 Be1 46. Ke4 Bc3 47. Ne3 Ke7 48. Nf1 Kd6 49. Ng3 Kc5 50. Kd3 Kd5 51. Ne4 Be1 52. Nxg5 Ke5 53. Ke3 Bh4 54. f4+ Kd5 55. Nf3 Bf6 56. Kd3 Bb2 57. Nd2 Bc1 58. Ke3 e5 59. f5 e4 60. g5 Ke5 61. f6 Ke6 62. Ke2 e3 63. Kxe3 Kf7 64. Kd3 Kg6 65. Ne4 1-0

[Event "January 2 Early 2024"]
[Site "https://www.chess.com"]
[Date "2024.01.02"]
[Round "1"]
[White "Aadit Bhatia"]
[Black "Anuj Shrivatri"]
[Result "0-1"]
[Board "118"]
[TimeControl "180+1"]
[WhiteFideId "25088955"]
[BlackFideId "35070924"]
[WhiteElo "2413"]
[BlackElo "2801"]
[WhiteTeam "IND"]
[BlackTeam "IND"]
[WhiteClock "0:01:21"]
[BlackClock "0:01:26"]

1. b3 d5 2. Bb2 Nf6 3. e3 Bf5 4. c4 e6 5. Nc3 c6 6. Nf3 Nbd7 7. g3 Nc5 8. d4 Nce4 9. Nd2 Bb4 10. Ncxe4 Nxe4 11. Bc1 Bc3 12. Rb1 Nxd2 13. Bxd2 Bxd2+ 14. Kxd2 Qa5+ 15. Kc1 Qc3+ 0-1

[Event "January 2 Early 2024"]
[Site "https://www.chess.com"]
[Date "2024.01.02"]
[Round "1"]
[White "Wagh Suyog"]
[Black "Peczely, Sebastian Zsombor"]
[Result "0-1"]
[Board "119"]
[TimeControl "180+1"]
[WhiteFideId "25071688"]
[BlackFideId "750964"]
[WhiteElo "2801"]
[BlackElo "2413"]
[WhiteTeam "IND"]
[BlackTeam "HUN"]
[WhiteClock "0:00:00"]
[BlackClock "0:00:05"]

1. c4 c5 2. Nf3 Nc6 3. Nc3 g6 4. e3 d6 5. d4 Bg4 6. Be2 Bg7 7. O-O Bxf3 8. Bxf3 cxd4 9. exd4 Nxd4 10. Bxb7 Rb8 11. Be4 f5 12. Bd5 e6 13. Be3 e5 14. Bxd4 exd4 15. Qa4+ Kf8 16. Qxa7 Ne7 17. Rfe1 Bf6 18. Re6 Kg7 19. Rae1 dxc3 20. Rxe7+ Kh6 21. Qe3+ g5 22. Qh3+ Kg6 23. R7e6 cxb2 24. g4 b1=Q 25. Qh5+ Kg7 26. Rxb1 Rxb1+ 27. Kg2 fxg4 28. Re2 Rb6 29. Qf7+ Kh6 30. h4 Rf8 31. hxg5+ Kxg5 32. Qxh7 Rh8 33. Qe4 Be5 34. Qe3+ Kf6 35. Qxb6 Qxb6 0-1

[Event "January 2 Early 2024"]
[Site "https://www.chess.com"]
[Date "2024.01.02"]
[Round "1"]
[White "Marcziter, Dmitrii"]
[Black "Bologan, Victor"]
[Result "0-1"]
[Board "120"]
[TimeControl "180+1"]
[WhiteFideId "13900765"]
[BlackFideId "13900048"]
[WhiteElo "2410"]
[BlackElo "2800"]
[WhiteTeam "GER"]
[BlackTeam "MDA"]
[WhiteClock "0:00:36"]
[BlackClock "0:02:00"]

1. e4 c5 2. Nc3 d6 3. f4 e6 4. Nf3 Nf6 5. d3 Nc6 6. g3 Rb8 7. a4 a6 8. Bg2 b5 9. axb5 axb5 10. O-O b4 11. Ne2 Be7 12. h3 O-O 13. g4 d5 14. e5 Nd7 15. Be3 d4 16. Bf2 b3 17. c3 dxc3 18. Nxc3 Nb4 19. Ne4 Ba6 20. Ne1 c4 21. d4 Bb7 22. Qe2 Nb6 23. Rd1 N6d5 24. Bg3 Ba6 25. Qd2 Nc2 26. Nxc2 bxc2 27. Ra1 Qb6 28. Nc5 Bxc5 29. dxc5 Qxc5+ 30. Bf2 c3 31. bxc3 Qxc3 32. Qc1 Bxf1 33. Bxf1 Qxa1 34. Qxa1 Rb1 0-1

[Event "January 2 Early 2024"]
[Site "https://www.chess.com"]
[Date "2024.01.02"]
[Round "1"]
[White "Holt, Conrad"]
[Black "Garrido, Denis"]
[Result "1-0"]
[Board "121"]
[TimeControl "180+1"]
[WhiteFideId "2034387"]
[BlackFideId "601217"]
[WhiteElo "2793"]
[BlackElo "2409"]
[WhiteTeam "USA"]
[BlackTeam "FRA"]
[WhiteClock "0:00:58"]
[BlackClock "0:00:09"]

1. d4 Nf6 2. c4 c5 3. d5 d6 4. Nc3 g6 5. e4 Bg7 6. Nf3 O-O 7. h3 e6 8. Bd3 Na6 9. O-O Nc7 10. Re1 e5 11. Bg5 h6 12. Be3 Kh7 13. g4 Ng8 14. Kg2 a6 15. a3 b5 16. b3 Rb8 17. Qc2 b4 18. axb4 Rxb4 19. Bd2 Rb7 20. Ne2 Ne8 21. Ng3 Ne7 22. Rxa6 Rxb3 23. Rxd6 Nxd6 24. Qxb3 f5 25. exf5 gxf5 26. Nxe5 Kg8 27. f4 fxg4 28. hxg4 Nf7 29. Nxf7 Rxf7 30. f5 Qd6 31. Ne4 Qe5 32. Ng5 Qd4 33. Re4 hxg5 34. Rxd4 Bxd4 35. Bxg5 Rg7 36. Qb5 Rxg5 37. Qe8+ Kh7 38. Qxe7+ Rg7 39. f6+ 1-0

[Event "January 2 Early 2024"]
[Site "https://www.chess.com"]
[Date "2024.01.02"]
[Round "1"]
[White "Avalos Parra, Joao"]
[Black "ilqar_74"]
[Result "0-1"]
[Board "122"]
[TimeControl "180+1"]
[WhiteFideId "3402541"]
[WhiteElo "2408"]
[BlackElo "2792"]
[WhiteTeam "CHI"]
[WhiteClock "0:00:05"]
[BlackClock "0:01:15"]

1. d4 Nf6 2. Nf3 e6 3. c4 d5 4. Nc3 Bb4 5. Qa4+ Nc6 6. e3 Bd7 7. Qc2 dxc4 8. Bxc4 O-O 9. Bd2 Bd6 10. a3 e5 11. dxe5 Nxe5 12. Be2 Qe7 13. O-O-O c6 14. h3 Nd5 15. g4 Rfe8 16. Rdg1 b5 17. Nd4 a5 18. Ne4 b4 19. a4 c5 20. Nf5 Bxf5 21. gxf5 Nf6 22. Bb5 Rec8 23. Qd1 Nxe4 24. f4 c4 25. fxe5 Bxe5 26. Be1 c3 27. b3 c2 28. Qg4 Bb2+ 29. Kxb2 c1=Q+ 30. Ka2 Rc2# 0-1

[Event "January 2 Early 2024"]
[Site "https://www.chess.com"]
[Date "2024.01.02"]
[Round "1"]
[White "De Winter, Arthur"]
[Black "Herman, Daniel"]
[Result "1-0"]
[Board "123"]
[TimeControl "180+1"]
[WhiteFideId "1069020"]
[BlackFideId "30935008"]
[WhiteElo "2790"]
[BlackElo "2407"]
[WhiteTeam "NED"]
[BlackTeam "USA"]
[WhiteClock "0:02:11"]
[BlackClock "0:00:25"]

1. e4 g6 2. d4 Bg7 3. Nc3 d6 4. Be3 a6 5. h4 h5 6. Qd2 Nf6 7. f3 b5 8. O-O-O Bb7 9. Nh3 Nbd7 10. Ng5 O-O 11. g4 b4 12. Nd5 Bxd5 13. exd5 Nxd5 14. gxh5 Nxe3 15. Qxe3 gxh5 16. Bd3 Kh8 17. Rhg1 Nf6 18. Ne4 Rg8 19. Nxf6 exf6 20. Qe4 Bh6+ 21. Kb1 Rg7 22. Rxg7 Kxg7 23. Qh7+ Kf8 24. Qxh6+ Ke7 25. Bf5 Qh8 26. Re1+ 1-0

[Event "January 2 Early 2024"]
[Site "https://www.chess.com"]
[Date "2024.01.02"]
[Round "1"]
[White "Blanco Diez, David"]
[Black "Milikow, Elie"]
[Result "1-0"]
[Board "124"]
[TimeControl "180+1"]
[WhiteFideId "32032927"]
[BlackFideId "371281868"]
[WhiteElo "2405"]
[BlackElo "2784"]
[WhiteTeam "ESP"]
[BlackTeam "ISR"]
[WhiteClock "0:00:06"]
[BlackClock "0:00:19"]

1. e4 c5 2. c3 d5 3. exd5 Qxd5 4. d4 Nf6 5. Nf3 e6 6. Bd3 Nc6 7. Be3 cxd4 8. cxd4 Be7 9. Nc3 Qd8 10. a3 O-O 11. O-O b6 12. Bc2 Bb7 13. Qd3 h6 14. Ne4 Nxe4 15. Qxe4 g6 16. Bxh6 Re8 17. Qg4 Bf8 18. Bg5 Qd5 19. Be4 Qd7 20. Bf6 Bg7 21. Qh4 Ne7 22. Ng5 Kf8 23. Qh7 Nf5 24. Bxg7+ Ke7 25. Be5 Rf8 26. Bxf5 gxf5 27. Qg7 Qd5 28. Qf6+ Kd7 29. f3 Rac8 30. Rac1 Qb3 31. Rxc8 Bxc8 32. Nxf7 Ba6 33. Re1 Qd5 34. Qg7 Re8 35. Nd6+ Re7 36. Qf8 Qa5 37. Rc1 Qd2 38. Rc7+ Kxc7 39. Qxe7+ Kc6 40. Qe8+ Kc7 41. Nb5+ Kb7 42. Qd7+ Ka8 43. Qxa7# 1-0

[Event "January 2 Early 2024"]
[Site "https://www.chess.com"]
[Date "2024.01.02"]
[Round "1"]
[White "Korchmar, Vasiliy"]
[Black "Spichkin, Alexander"]
[Result "0-1"]
[Board "125"]
[TimeControl "180+1"]
[WhiteFideId "24131750"]
[BlackFideId "4144074"]
[WhiteElo "2783"]
[BlackElo "2405"]
[WhiteTeam "RUS"]
[BlackTeam "RUS"]
[WhiteClock "0:00:00"]
[BlackClock "0:00:45"]

1. e4 e5 2. Nf3 d5 3. exd5 e4 4. Qe2 Nf6 5. d3 Bb4+ 6. Bd2 O-O 7. dxe4 Re8 8. e5 Nxd5 9. Bxb4 Nxb4 10. a3 N4c6 11. Nbd2 Bg4 12. h3 Nd4 13. Qd3 Bxf3 14. Nxf3 Nxf3+ 15. Qxf3 Rxe5+ 16. Be2 Nc6 17. c3 Qe7 18. Kf1 Re8 19. Re1 Na5 20. Qd3 Nb3 21. Qd1 Nc5 22. f3 Rd8 23. Qc2 Nd3 24. Rd1 Nf4 25. Rxd8+ Qxd8 26. Bc4 b5 27. Ba2 Qe7 28. g3 Re1+ 29. Kf2 Re2+ 0-1

[Event "January 2 Early 2024"]
[Site "https://www.chess.com"]
[Date "2024.01.02"]
[Round "1"]
[White "Khromkin, Andrey"]
[Black "Haug, Havard"]
[Result "0-1"]
[Board "126"]
[TimeControl "180+1"]
[WhiteFideId "4154126"]
[BlackFideId "1547887"]
[WhiteElo "2405"]
[BlackElo "2783"]
[WhiteTeam "RUS"]
[BlackTeam "NOR"]
[WhiteClock "0:00:36"]
[BlackClock "0:00:08"]

1. e4 c6 2. c4 d5 3. exd5 cxd5 4. cxd5 Nf6 5. Bb5+ Nbd7 6. Nc3 a6 7. Qa4 g6 8. Nf3 Bg7 9. O-O O-O 10. Bxd7 Bxd7 11. Qb3 b5 12. Re1 Bc8 13. Ne5 Re8 14. d4 Bb7 15. Nc6 Qd6 16. Bg5 Nxd5 17. Qxd5 Qxc6 18. Qxc6 Bxc6 19. d5 Bxc3 20. bxc3 Bxd5 21. Bxe7 Rac8 22. a3 Rxc3 23. Bf6 Rcc8 24. h4 h5 25. Red1 Bc4 26. Rd6 a5 27. Ra6 Ra8 28. Rb6 Re6 29. Rxe6 fxe6 30. Bc3 Kf7 31. Rd1 Bd5 32. Rb1 Bc6 33. Rc1 Bd7 34. Rd1 Ke7 35. Bd2 b4 36. axb4 a4 37. Ra1 a3 38. b5 a2 39. b6 Bc6 40. Be3 Kd7 41. Bd4 Bd5 42. Rc1 Ra4 43. Be5 Rb4 44. Rc7+ Kd8 45. Rg7 Rxb6 46. Rxg6 Rb1+ 47. Kh2 a1=Q 48. Bxa1 Rxa1 49. Rg5 Ra2 50. Kg3 Ke7 51. Rxh5 Kf6 52. Rg5 Ra3+ 53. f3 Ra2 54. Rg4 e5 55. h5 Ra8 56. Rg6+ Kf5 57. Kh4 Ra4+ 58. g4+ Kf4 59. Rf6+ Ke3 60. h6 Bxf3 61. Rg6 Ra1 62. Kg5 Rh1 63. Re6 e4 64. Kg6 Bxg4 65. Kg5 Bxe6 66. Kg6 Bg4 67. h7 Rxh7 68. Kxh7 Kf3 69. Kg6 e3 70. Kg5 e2 71. Kh4 e1=Q+ 72. Kg5 Qe5+ 73. Kh4 Qh5# 0-1

[Event "January 2 Early 2024"]
[Site "https://www.chess.com"]
[Date "2024.01.02"]
[Round "1"]
[White "Khripachenko, Alexander"]
[Black "Begunov, Konstantin"]
[Result "1-0"]
[Board "127"]
[TimeControl "180+1"]
[WhiteFideId "54184975"]
[BlackFideId "4118510"]
[WhiteElo "2781"]
[BlackElo "2404"]
[WhiteTeam "FID"]
[BlackTeam "RUS"]
[WhiteClock "0:00:56"]
[BlackClock "0:00:03"]

1. e4 c5 2. Nf3 d6 3. d4 cxd4 4. Nxd4 Nf6 5. Nc3 a6 6. Be3 Ng4 7. Bc1 Nc6 8. Be2 Qb6 9. Bxg4 Qxd4 10. Qe2 Bxg4 11. Qxg4 Ne5 12. Qg3 g6 13. O-O Bg7 14. Rd1 Qb4 15. Nd5 Qxe4 16. Nc7+ Kd7 17. Nxa8 Rxa8 18. c3 Ke8 19. Be3 Rc8 20. Bd4 b5 21. Re1 Qc2 22. Rac1 Qf5 23. Rcd1 Kf8 24. Qh4 h5 25. h3 Kg8 26. Qe4 Qxe4 27. Rxe4 Rc7 28. Kf1 Kf8 29. Bxe5 Bxe5 30. a4 f5 31. Rb4 Rc5 32. axb5 axb5 33. Ra1 Rc4 34. Rxb5 Kf7 35. Ra7 Re4 36. Rb4 Rxb4 37. cxb4 Bxb2 38. b5 Bd4 39. Rc7 Ke6 40. Ke2 g5 41. f3 h4 42. Kd3 Bg1 43. Rc8 Kd7 44. Rg8 g4 45. fxg4 fxg4 46. Rxg4 Kc7 47. Kc4 Kb6 48. Rxh4 Bf2 49. Re4 e5 50. Kd5 Bc5 51. h4 Kxb5 52. h5 1-0

[Event "January 2 Early 2024"]
[Site "https://www.chess.com"]
[Date "2024.01.02"]
[Round "1"]
[White "Samaganova, Aleksandra"]
[Black "Alexandre, Anne Shopie Elizabeth"]
[Result "0-1"]
[Board "128"]
[TimeControl "180+1"]
[WhiteFideId "13800221"]
[BlackFideId "11902418"]
[WhiteElo "2403"]
[BlackElo "2780"]
[WhiteTeam "KGZ"]
[BlackTeam "HAI"]
[WhiteClock "0:00:12"]
[BlackClock "0:01:59"]

1. c4 Nf6 2. Nc3 e6 3. e4 c5 4. Nf3 Nc6 5. e5 Ng4 6. Qe2 Qc7 7. Nb5 Qb8 8. d4 a6 9. Nd6+ Bxd6 10. exd6 Qxd6 11. d5 Ne7 12. h3 Nf6 13. dxe6 dxe6 14. Bg5 O-O 15. Bxf6 gxf6 16. g3 b6 17. Bg2 Bb7 18. Rd1 Qc7 19. O-O Rfd8 20. Qc2 Rxd1 21. Rxd1 Rd8 22. Re1 Bxf3 23. Bxf3 Rd4 24. b3 Kg7 25. h4 Qd6 26. Bb7 a5 27. Re2 f5 28. Qc3 Ng8 29. Kg2 Nf6 30. Qf3 Rd3 31. Re3 Rxe3 32. Qxe3 h6 33. Qc1 Qd4 34. Qe1 Ng4 35. Bf3 Ne5 36. Bb7 f4 37. gxf4 Nd3 38. Qe2 Nxf4+ 0-1

[Event "January 2 Early 2024"]
[Site "https://www.chess.com"]
[Date "2024.01.02"]
[Round "1"]
[White "Bindrich, Falko"]
[Black "Sroczynski, Maciej"]
[Result "1-0"]
[Board "129"]
[TimeControl "180+1"]
[WhiteFideId "4676670"]
[BlackFideId "1121472"]
[WhiteElo "2779"]
[BlackElo "2403"]
[WhiteTeam "GER"]
[BlackTeam "POL"]
[WhiteClock "0:01:46"]
[BlackClock "0:00:27"]

1. d4 d5 2. c4 c6 3. Nc3 Nf6 4. e3 a6 5. Nf3 Bg4 6. b3 e6 7. Be2 b5 8. O-O Nbd7 9. c5 Be7 10. Bb2 O-O 11. a3 Ne4 12. Nxe4 dxe4 13. Nd2 Bxe2 14. Qxe2 f5 15. f3 exf3 16. Qxf3 Qc7 17. e4 e5 18. exf5 exd4 19. b4 Bf6 20. Ne4 Rad8 21. Rad1 Be5 22. Ng5 Bxh2+ 23. Kh1 Rf6 24. Ne6 Rh6 25. Nxc7 Bg3+ 26. Kg1 1-0

[Event "January 2 Early 2024"]
[Site "https://www.chess.com"]
[Date "2024.01.02"]
[Round "1"]
[White "Forgacs, Attila Jr."]
[Black "Bashirli, Nail"]
[Result "0-1"]
[Board "130"]
[TimeControl "180+1"]
[WhiteFideId "773654"]
[BlackFideId "13406809"]
[WhiteElo "2401"]
[BlackElo "2778"]
[WhiteTeam "HUN"]
[BlackTeam "AZE"]
[WhiteClock "0:01:01"]
[BlackClock "0:01:52"]

1. e4 Nf6 2. e5 Nd5 3. Nf3 d6 4. d4 Nb6 5. Be2 g6 6. exd6 cxd6 7. O-O Bg7 8. c3 O-O 9. Nbd2 Nc6 10. Re1 Qc7 11. Ne4 Re8 12. Bd3 Bd7 13. Bf4 Rad8 14. Qd2 e5 15. Bh6 d5 16. Bxg7 Kxg7 17. Neg5 e4 18. Ne5 Nxe5 19. dxe5 exd3 20. Qf4 Bf5 21. Re3 Qc4 22. Qg3 Qg4 23. Qxg4 Bxg4 24. Rxd3 Rxe5 25. Nf3 Bxf3 26. Rxf3 d4 27. cxd4 Rxd4 28. Rc1 Rc5 29. Re1 Re5 30. Rc1 Red5 31. Kf1 Rd1+ 32. Rxd1 Rxd1+ 33. Ke2 Rb1 34. Rb3 Na4 35. Ra3 Rxb2+ 36. Kd3 Rb4 37. g3 a5 38. f4 b5 39. h4 Nc5+ 40. Ke3 a4 41. Rc3 Ne4 42. Rc7 Nxg3 43. a3 Nf5+ 44. Kf3 Rb3+ 45. Ke4 Rxa3 46. h5 Re3+ 47. Kd5 a3 0-1

[Event "January 2 Early 2024"]
[Site "https://www.chess.com"]
[Date "2024.01.02"]
[Round "1"]
[White "Suyarov, Mukhammadzokhid"]
[Black "Kanter, Eduard"]
[Result "1-0"]
[Board "131"]
[TimeControl "180+1"]
[WhiteFideId "14210495"]
[BlackFideId "4103963"]
[WhiteElo "2775"]
[BlackElo "2401"]
[WhiteTeam "UZB"]
[BlackTeam "RUS"]
[WhiteClock "0:00:52"]
[BlackClock "0:00:39"]

1. e4 e5 2. Nf3 Nc6 3. Nc3 Nf6 4. a3 a6 5. d4 exd4 6. Nxd4 Bc5 7. Nxc6 bxc6 8. Bd3 O-O 9. O-O h6 10. e5 Nd5 11. Qh5 Nxc3 12. bxc3 Qe7 13. Bxh6 gxh6 14. Qxh6 f5 15. Bc4+ Rf7 16. Rae1 a5 17. Qg6+ Kf8 18. Qh5 Ke8 19. Rb1 Kd8 20. Bxf7 Ba6 21. Rfe1 Bxa3 22. e6 d5 23. Qxf5 Bd6 24. Qg6 a4 25. Qg8+ Qf8 26. e7+ Bxe7 27. Qxf8+ Bxf8 28. Re8+ Kd7 29. Rxa8 1-0

[Event "January 2 Early 2024"]
[Site "https://www.chess.com"]
[Date "2024.01.02"]
[Round "1"]
[White "Skibbe, Willi"]
[Black "Hammer, Jon Ludvig"]
[Result "0-1"]
[Board "132"]
[TimeControl "180+1"]
[WhiteFideId "4682190"]
[BlackFideId "1503707"]
[WhiteElo "2401"]
[BlackElo "2775"]
[WhiteTeam "GER"]
[BlackTeam "NOR"]
[WhiteClock "0:00:00"]
[BlackClock "0:00:09"]

1. c4 e5 2. Nc3 Nf6 3. Nf3 Nc6 4. g3 Bb4 5. Nd5 Bc5 6. Bg2 d6 7. O-O O-O 8. e3 Bb6 9. d4 Bg4 10. Nxb6 axb6 11. d5 e4 12. dxc6 bxc6 13. h3 Bxf3 14. Bxf3 exf3 15. Qxf3 Qd7 16. Kg2 Rae8 17. b3 Ne4 18. Rd1 f5 19. Bb2 Qf7 20. a4 g5 21. a5 bxa5 22. Rxa5 Qg6 23. Ra7 Rf7 24. Rda1 g4 25. Qf4 gxh3+ 26. Kxh3 Qg4+ 27. Kg2 Qxf4 28. gxf4 Rb8 29. R1a3 c5 30. f3 Nd2 31. Ra8 Rff8 32. R8a7 Rfc8 33. R3a6 Rxb3 34. Bf6 Nxc4 35. Rc6 Nxe3+ 36. Kf2 Nd5 37. Ba1 Kf8 38. Rca6 Ke8 39. Ra8 Rbb8 40. Rxb8 Rxb8 41. Ra2 Kd7 42. Re2 Ra8 43. Bb2 Nxf4 44. Rd2 Ra2 45. Ke3 Ne6 46. f4 Nd4 47. Rh2 Kc6 48. Kd3 Ne6 49. Kc4 Nxf4 50. Kb3 Ra6 51. Rf2 Rb6+ 52. Kc4 d5+ 53. Kc3 d4+ 54. Kc2 Nd5 55. Rxf5 Ne3+ 0-1

[Event "January 2 Early 2024"]
[Site "https://www.chess.com"]
[Date "2024.01.02"]
[Round "1"]
[White "Krzyzanowski, Marcin"]
[Black "Topalov, Aleksandar"]
[Result "1-0"]
[Board "133"]
[TimeControl "180+1"]
[WhiteFideId "1132199"]
[BlackFideId "925659"]
[WhiteElo "2772"]
[BlackElo "2400"]
[WhiteTeam "POL"]
[BlackTeam "SRB"]
[WhiteClock "0:00:42"]
[BlackClock "0:00:00"]

1. e4 e6 2. d4 d5 3. Nc3 Bb4 4. exd5 exd5 5. Bd3 Ne7 6. Qh5 Be6 7. Nf3 Nbc6 8. O-O Qd7 9. Ng5 O-O-O 10. Nxe6 fxe6 11. Ne2 g6 12. Qh3 e5 13. Qxd7+ Rxd7 14. dxe5 Nxe5 15. Rd1 Nxd3 16. Rxd3 Re8 17. Bf4 Nf5 18. Ng3 Nxg3 19. hxg3 c6 20. Be3 a6 21. Rad1 Rde7 22. g4 Ba5 23. g3 Bc7 24. Kg2 Re4 25. g5 R4e5 26. b3 Re4 27. Rh1 R4e7 28. Rh4 Rf7 29. c4 dxc4 30. Rxc4 Ree7 31. Rh4 Rd7 32. Rxd7 Kxd7 33. f4 Bd6 34. Kf3 Re7 35. g4 Rf7 36. Rh1 Ke6 37. Ke4 c5 38. Rh6 b5 39. f5+ Kd7 40. fxg6 hxg6 41. Rxg6 Re7+ 42. Kf3 c4 43. bxc4 bxc4 44. Bd4 Rf7+ 45. Rf6 Ke7 46. Ke4 Rxf6 47. gxf6+ Ke6 48. g5 Bb4 49. g6 Bd2 50. f7 Bh6 51. Bc3 Bf8 52. a4 1-0